 Dungeon Crawl Stone Soup version 0.27-a0-67-g4bfc8a49e1 (webtiles) character file.

Game seed: 728788810882133615

172 Borgoz the Shield-Bearer (level 5, -2/36 HPs)
             Began as a Halfling Fighter on Jan 9, 2021.
             Was an Initiate of Ashenzari.
             Slain by an iguana (12 damage)
             ... on level 4 of the Dungeon.
             The game lasted 00:05:07 (3231 turns).

Borgoz the Shield-Bearer (Halfling Fighter)         Turns: 3231, Time: 00:05:08

Health: -2/36      AC: 10    Str: 17    XL:     5   Next: 82%
Magic:  5/5        EV: 10    Int:  6    God:    Ashenzari [......]
Gold:   182        SH: 10    Dex: 15    Spells: 4/4 levels left

rFire    . . .     SeeInvis .   a - +0 long sword
rCold    + . .     Faith    .   c - +0 kite shield
rNeg     . . .     Spirit   .   g - +3 ring mail
rPois    .         Reflect  .   i - +0 helmet
rElec    .         Harm     .   (no cloak)
rCorr    .         Rampage  .   (no gloves)
Will     .....                  (no boots)
Stlth    +.........             (no amulet)
HPRegen  0.12/turn              m - ring of protection from cold (curse)
MPRegen  0.09/turn              (no ring)

@: studying Long Blades
A: small, mutation resistance 1
a: Renounce Religion, Curse Item


You were on level 4 of the Dungeon.
You worshipped Ashenzari.
Ashenzari was noncommittal.
You visited 1 branch of the dungeon, and saw 4 of its levels.

You collected 182 gold pieces.

Inventory:

Hand Weapons
 a - a +0 long sword (weapon)
Armour
 c - a +0 kite shield (worn)
 g - a +3 ring mail (worn)
 i - a +0 helmet (worn)
Jewellery
 m - a cursed ring of protection from cold (left hand)
Scrolls
 b - a scroll of random uselessness {unknown}
 e - 2 scrolls of teleportation
 f - 2 scrolls of remove curse
 l - a scroll of fear {unknown}
 n - a scroll of immolation {unknown}
 q - a scroll of blinking {unknown}
 s - a scroll of identify
Potions
 d - 2 potions of might
 h - a potion of ambrosia
 j - 4 potions of flight
 k - 3 potions of haste
 o - a potion of heal wounds {unknown}
 p - a potion of mutation
 t - 2 potions of lignification {unknown}
Books
 r - a manual of Long Blades


   Skills:
 + Level 3.4 Fighting
 * Level 3.9 Long Blades
 + Level 4.1 Armour
 + Level 4.1 Shields


You had 4 spell levels left.
You didn't know any spells.
Your spell library was empty.

Dungeon Overview and Level Annotations

Branches:
Dungeon (4/15)
 Temple: D:4-7

Altars:
Ashenzari
Gozag
Nemelex Xobeh
Sif Muna
Trog
Uskayaw
Vehumet

Shops:
D:4 (

Annotations:
D:4 exclusion: statue


Innate Abilities, Weirdness & Mutations

You are small and have problems with some larger weapons.
You are somewhat resistant to further mutation.


Message History

The iguana is severely wounded.
The iguana bites you but does no damage.
You closely miss the iguana.
The iguana is severely wounded.
The iguana bites you.
You closely miss the iguana.
The iguana is severely wounded.
The iguana bites you! The iguana closely misses you.
You hit the iguana.
The iguana is almost dead.
The iguana bites you.
* * * LOW HITPOINT WARNING * * *
You hit the iguana.
The iguana is almost dead.
You block the iguana's attack.
You hit the iguana but do no damage.
The iguana is almost dead.
The iguana bites you but does no damage.
The iguana bites you!
You die...

#..##.##..#.#.#
#.#.##.
#..#.#)#....#.#
#####.#.###
#.##.##...###.#
#........##
##.#.#.......#.#
#.###....##
#...#..<.....#.# #.#
#......
#.Z#..#...#..#.###.#
#....##
#.....#............#
#######
#..###########.#####
#####
##.......Zl@...#
#....
###############
#.### #.# #.###
#.... #####


You could see an iguana and a jackal skeleton.

Vanquished Creatures
  A jelly (D:4)
  3 gnolls
  5 adders
  An adder skeleton (D:4)
  3 worms
  A dart slug (D:3)
  9 orcs
  A ball python (D:2)
  3 bats
  2 giant cockroaches
  3 goblins (D:2)
  6 hobgoblins
  2 jackals (D:3)
  4 kobolds
  A quokka (D:2)
  5 rats
50 creatures vanquished.

Notes
Turn   | Place    | Note
-------+----------+-------------------------------------------
     0 | D:1      | Borgoz the Halfling Fighter began the quest for the Orb.
     0 | D:1      | Reached XP level 1. HP: 15/15 MP: 1/1
   507 | D:1      | Found a sparkling altar of Nemelex Xobeh.
   560 | D:1      | Reached XP level 2. HP: 20/20 MP: 2/2
   720 | D:2      | Reached XP level 3. HP: 15/25 MP: 3/3
  1403 | D:2      | Found a bloodstained altar of Trog.
  1465 | D:2      | Reached XP level 4. HP: 31/31 MP: 4/4
  1802 | D:2      | Found a shimmering blue altar of Sif Muna.
  1872 | D:3      | Found a hide-covered altar of Uskayaw.
  2261 | D:3      | Found an opulent altar of Gozag.
  2376 | D:3      | Reached XP level 5. HP: 36/36 MP: 5/5
  2414 | D:3      | Found a broken altar of Ashenzari.
  2430 | D:3      | Became a worshipper of Ashenzari the Shackled
  2930 | D:4      | Found a radiant altar of Vehumet.
  2930 | D:4      | Noticed a charred statue
  3137 | D:4      | Found Xiugroak's Antique Weapon Shop.
  3231 | D:4      | Slain by an iguana

Illustrated notes

Levels and vault maps discovered:
D:1:      minmay_arrival_jagged, layout_loops_ring, nemelex_diamond_rough_becter
D:2:      layout_basic, lemuel_blue_sif_altar, lemuel_crystal_altar
D:3:      layout_basic, nicolae_overflow_crystal_walls, lemuel_doored_altar,
          ashenzari_altar_1
D:4:      layout_basic, vehumet_statue, serial_shops, nicolae_shop_trees,
          minmay_manual_mess

Skill      XL: |  1  2  3  4  5 |
---------------+----------------+-----
Fighting       | 3 |  3.4
Long Blades    | 3 |  3.9
Shields        | 4 |  4.1
Armour         | 4 |  4.1

Action                   |  1- 3 |  4- 6 || total
-------------------------+-------+-------++-------
Melee: Long sword        |    48 |   149 ||   197
  Use: Scroll            |     3 |     5 ||     8
       Potion            |       |     1 ||     1
Armor: Scale mail        |    15 |    11 ||    26
       Ring mail         |       |    40 ||    40
Dodge: Dodged            |    16 |    76 ||    92
Block: Kite shield       |    22 |    77 ||    99
       Rpst.: Long sword |     7 |    21 ||    28

Table legend: (Time is in decaauts)
 A = Elapsed time spent in this place.
 B = Non-inter-level travel time spent in this place.
 C = Inter-level travel time spent in this place.
 D = Time resting spent in this place.
 E = Time spent auto-exploring this place.
 F = Levels seen in this place.
 G = Mean time per level.
                   A        B        C        D        E       F      G
               +--------+--------+--------+--------+--------+-----+--------+
         Total |   3299 |   3195 |    104 |    589 |   2048 |   4 |  824.8 |
       Dungeon |   3299 |   3195 |    104 |    589 |   2048 |   4 |  824.8 |
               +--------+--------+--------+--------+--------+-----+--------+

Top non-repeatable levels by time:
     D:1: 1080 daAuts
     D:3: 790 daAuts
     D:2: 783 daAuts
     D:4: 644 daAuts
